 Dungeon Crawl Stone Soup version 0.25.1-2-g60ff931 (webtiles) character file.

Game seed: 4875691018244076967

6209 Atlas the Frost Mage (level 10, 0/63 HPs)
             Began as an Octopode Ice Elementalist on Aug 1, 2020.
             Was a Follower of Vehumet.
             Slain by a wolf (10 damage)
             ... led by Grum
             ... on level 9 of the Dungeon.
             The game lasted 00:18:02 (9036 turns).

Atlas the Frost Mage (Octopode Ice Elementalist)    Turns: 9036, Time: 00:18:02

Health: 0/63       AC:  3    Str:  8    XL:     10   Next: 92%
Magic:  9/22       EV: 14    Int: 20    God:    Vehumet [*.....]
Gold:   500        SH:  0    Dex: 13    Spells: 14/26 levels left

rFire    + . .     SeeInvis .   a - +9 staff of Olgreb {rPois∞}
rCold    x . .     Gourm    .   (no shield)
rNeg     . . .     Faith    .   x - +2 hat
rPois    ∞         Spirit   .   (no amulet)
rElec    .         Reflect  .   k - ring of poison resistance
rCorr    .         Harm     .   r - ring of fire
MR       .....                  (no ring)
Stlth    ++++......             (no ring)
HPRegen  0.20/turn              (no ring)
MPRegen  0.18/turn              (no ring)
                                (no ring)
                                (no ring)

@: frozen ramparts, very slightly contaminated
A: almost no armour, stealthy swim, amphibious, 8 rings, constrict 8, camouflage
1, gelatinous body 1
a: Renounce Religion


You were on level 9 of the Dungeon.
You worshipped Vehumet.
Vehumet was aware of your devotion.
You were not hungry.

You visited 2 branches of the dungeon, and saw 10 of its levels.

You collected 500 gold pieces.

Inventory:

Hand Weapons
 a - the +9 staff of Olgreb (weapon) {rPois∞}
   (You found it on level 6 of the Dungeon)

   It grants immunity to poison.
 l - a +3 vorpal trident
Armour
 x - a +2 hat (worn)
Jewellery
 k - a ring of poison resistance (left tentacle)
 r - a ring of fire (right tentacle)
Wands
 s - a wand of digging (4)
 w - a wand of random effects (25)
Scrolls
 d - a scroll of amnesia {unknown}
 j - 4 scrolls of enchant armour
 n - 6 scrolls of remove curse
 p - 6 scrolls of teleportation
 t - a scroll of blinking {unknown}
 u - a scroll of random uselessness {unknown}
 y - 5 scrolls of magic mapping
 z - a scroll of noise {unknown}
 C - 3 scrolls of immolation
 D - a scroll of acquirement {unknown}
Potions
 c - 3 potions of ambrosia
 e - a potion of degeneration
 g - 2 potions of lignification
 h - a potion of haste {unknown}
 i - 3 potions of flight
 m - 3 potions of curing
 o - a potion of invisibility
 q - a potion of magic {unknown}
 v - a potion of cancellation {unknown}
 A - 2 potions of brilliance
Comestibles
 b - 14 rations
 f - a chunk of flesh


   Skills:
 + Level 3.6 Fighting
 + Level 5.7(6.1) Polearms
 + Level 3.1(4.8) Staves
 + Level 3.7 Dodging
 + Level 7.2 Stealth
 + Level 0.2 Unarmed Combat
 + Level 8.7 Spellcasting
 + Level 1.2 Charms
 + Level 2.0 Summonings
 + Level 9.4 Ice Magic
 + Level 0.7 Evocations


You had 14 spell levels left.
You knew the following spells:

 Your Spells              Type           Power        Failure   Level  Hunger
a - Freeze                Ice            ####         1%          1    None
b - Frozen Ramparts       Ice            #####.       1%          3    None
c - Ozocubu's Armour      Chrm/Ice       ####....     2%          3    None
d - Summon Ice Beast      Ice/Summ       ####....     8%          4    ###....
e - Summon Butterflies    Summ           ###.....     3%          1    None

Your spell library contained the following spells:

 Spells                   Type           Power        Failure   Level  Hunger
 Shock                    Conj/Air       #...         8%          1    None
 Infusion                 Chrm           ##..         4%          1    None
 Shroud of Golubria       Chrm/Tloc      ##....       10%         2    None
 Call Canine Familiar     Summ           ###.....     11%         3    None
 Hailstorm                Conj/Ice       ####....     11%         4    ###....
 Confusing Touch          Hex            #.......     24%         3    None
 Leda's Liquefaction      Hex/Erth       #.........   61%         4    ###....
 Summon Mana Viper        Hex/Summ       ##......     82%         5    #####..
 Excruciating Wounds      Chrm/Necr      ##........   86%         5    #####..
 Silence                  Hex/Air        #.........   91%         5    #####..
 Summon Hydra             Summ           ###.......   100%        7    #######


Dungeon Overview and Level Annotations

Branches:
Dungeon (9/15)             Temple (1/1) D:7            Lair (0/6) D:8
    Orc: D:9-12

Altars:
Cheibriados
Dithmenos
Elyvilon
Fedhas
Gozag
Hepliaklqana
Kikubaaqudgha
Nemelex Xobeh
Qazlal
Vehumet
Yredelemnul
The Shining One

Annotations:
D:6 1 runed translucent door
D:9 Josephine


Innate Abilities, Weirdness & Mutations

You cannot wear most types of armour.
You are very stealthy in the water. (Stealth+)
You are amphibious.
You can wear up to eight rings at the same time.
You can use your tentacles to constrict eight enemies at once.
Your skin changes colour to match your surroundings (Stealth+).
Your rubbery body absorbs attacks. (AC +1, EV +1)


Message History

The wall freezes the wolf.
The wolf bites you!
* * * LOW HITPOINT WARNING * * *
The wall freezes the wolf.
The wyvern skeleton completely resists.
The wall freezes the wyvern skeleton but do no damage.
Your ice beast hits the wyvern skeleton.
Your ice beast freezes the wyvern skeleton.
The wyvern skeleton resists.
You feel better.
The wall freezes the wolf.
The wolf bites you.
* * * LOW HITPOINT WARNING * * *
The wall freezes the wolf. x2; The wolf bites you.
* * * LOW HITPOINT WARNING * * *
The wyvern skeleton resists.
The wall freezes the wyvern skeleton.
The wall freezes the wolf.
Your ice beast hits the wyvern skeleton.
Your ice beast freezes the wyvern skeleton.
The wyvern skeleton resists.
The wall freezes the wolf!
The wall freezes the wolf.
The wyvern skeleton resists.
The wall freezes the wyvern skeleton.
The wall freezes the wolf.
The wolf bites you!
You die...

..........#...#........)#
..........#####......Y..#
..(................Y....##+####
................Y..............
................Y########......
#######.........Z# ......
#...######h# .... #...# #h# ...
#...# #@########. .. #...#
#.......... .
#...######..........
#...................
#......÷............
#............#######
#............# #............#
#............#


You could see 2 wolves, a wyvern skeleton and 2 friendly ice beasts.

Vanquished Creatures
  An unseen horror (D:8)
  Maggie (D:6)
  3 flying skulls (D:9)
  A spriggan (D:8)
  A wyvern (D:8)
  Eustachio (D:6)
  Edmund (D:5)
  3 soldier ants (D:6)
  3 water moccasins
  A nameless horror (D:7)
  An ice beast (D:7)
  An orc warrior (D:8)
  4 sky beasts
  A black bear (D:7)
  A necrophage (D:8)
  A wolf (D:9)
  4 ogres
  4 bullfrogs
  3 gnoll sergeants (D:7)
  A water moccasin zombie (D:6)
  A wyvern skeleton (D:8)
  6 killer bees (D:6)
  A howler monkey (D:7)
  3 crimson imps
  A bullfrog skeleton (D:5)
  5 hounds
  2 jellies
  3 orc priests
  6 orc wizards
  2 centaur skeletons
  An iguana (D:9)
  10 worker ants
  2 hound skeletons
  A howler monkey zombie (D:7)
  9 gnolls
  10 adders
  A howler monkey skeleton (D:8)
  A shadow imp (D:6)
  2 oozes
  An adder zombie (D:7)
  3 adder skeletons
  A worm (D:3)
  3 dart slugs (D:1)
  4 leopard geckos
  33 orcs
  5 ball pythons
  5 bats
  6 giant cockroaches
  5 hobgoblins
  9 jackals
  5 quokkas
  9 frilled lizards
  A giant cockroach zombie (D:5)
  5 goblins
  4 kobolds
  10 rats
213 creatures vanquished.

Vanquished Creatures (collateral kills)
  Grum (D:9)
  A soldier ant (D:6)
  A wolf (D:9)
  An ogre (D:8)
  3 killer bees (D:6)
  A hound (D:8)
8 creatures vanquished.

Grand Total: 221 creatures vanquished

Notes
Turn   | Place    | Note
-------+----------+-------------------------------------------
     0 | D:1      | Atlas the Octopode Ice Elementalist began the quest for the
                  | Orb.
     0 | D:1      | Reached XP level 1. HP: 11/11 MP: 3/3
   383 | D:1      | Reached XP level 2. HP: 17/17 MP: 3/5
   931 | D:1      | Reached XP level 3. HP: 21/21 MP: 3/6
   936 | D:1      | Learned a level 3 spell: Frozen Ramparts
  1743 | D:2      | Reached XP level 4. HP: 27/27 MP: 5/8
  2113 | D:3      | Found a faded altar of an unknown god.
  2114 | D:3      | Noticed a bullfrog
  2125 | D:3      | Killed a bullfrog
  2125 | D:3      | Reached skill level 5 in Ice Magic
  2125 | D:3      | Reached XP level 5. HP: 24/31 MP: 0/10
  2629 | D:3      | Found an ancient bone altar of Kikubaaqudgha.
  2803 | D:4      | You fall into a shaft and drop 2 floors!
  2850 | D:6      | Reached skill level 1 in Fighting
  2850 | D:6      | Reached skill level 1 in Polearms
  2850 | D:6      | Reached XP level 6. HP: 29/38 MP: 7/11
  2952 | D:5      | Entered Level 5 of the Dungeon
  3307 | D:4      | Reached XP level 7. HP: 43/43 MP: 7/13
  3847 | D:5      | Noticed Edmund
  3962 | D:5      | Killed Edmund
  3964 | D:5      | Reached skill level 6 in Ice Magic
  4177 | D:5      | Reached skill level 5 in Spellcasting
  4452 | D:5      | Reached XP level 8. HP: 39/48 MP: 7/15
  4677 | D:5      | Reached skill level 5 in Stealth
  4919 | D:5      | Found a blossoming altar of Fedhas.
  5226 | D:6      | Noticed Eustachio
  5232 | D:6      | Killed Eustachio
  5318 | D:6      | Reached skill level 7 in Ice Magic
  5361 | D:6      | Learned a level 3 spell: Ozocubu's Armour
  5366 | D:6      | Learned a level 4 spell: Summon Ice Beast
  5572 | D:6      | Found the +9 staff of Olgreb {rPois∞}
  5580 | D:6      | Found a runed translucent door.
  5603 | D:6      | Found a runed translucent gate.
  5603 | D:6      | Found a runed translucent gate.
  5614 | D:6      | Found a runed translucent gate.
  5616 | D:6      | Noticed Maggie
  5622 | D:6      | Found a runed translucent door.
  5787 | D:6      | Reached XP level 9. HP: 55/55 MP: 4/18
  5803 | D:6      | Killed Maggie
  5803 | D:6      | Reached skill level 8 in Ice Magic
  5827 | D:6      | Reached skill level 5 in Polearms
  6224 | D:7      | Reached skill level 1 in Summonings
  6338 | D:7      | Found a staircase to the Ecumenical Temple.
  6361 | Temple   | Entered the Ecumenical Temple
  6399 | Temple   | Became a worshipper of Vehumet
  6521 | D:7      | Reached XP level 10. HP: 63/63 MP: 17/20
  6788 | D:7      | Identified the Grimoire of the Ninety-Nine Moons
  6792 | D:7      | Reached skill level 1 in Staves
  7622 | D:8      | Found a white marble altar of Elyvilon.
  7675 | D:8      | Reached * piety under Vehumet
  7675 | D:8      | Offered knowledge of Shock by Vehumet.
  7937 | D:8      | Learned a level 1 spell: Summon Butterflies
  7975 | D:8      | Found a staircase to the Lair.
  8090 | D:8      | Killed an unseen horror
  8090 | D:8      | Reached skill level 9 in Ice Magic
  8096 | D:8      | Reached skill level 1 in Charms
  8733 | D:9      | Noticed Josephine
  9001 | D:9      | Noticed Grum
  9025 | D:9      | Killed Grum
  9036 | D:9      | Slain by a wolf

Illustrated notes

Levels and vault maps discovered:
D:1:      ncdulo_wetmaze, layout_basic, minmay_tetromino_o4
D:2:      layout_rooms, first_ration
D:3:      layout_rooms, lemuel_round_altar,
          chequers_ecumenical_altar_simple_redux
D:4:      layout_cave_pods, serial_column_ruins,
          column_ruins_courtyard_long_water, column_ruins_circle_small,
          column_ruins_open_tiny, column_ruins_columns_straight,
          column_ruins_open_tiny, column_ruins_grid_4, column_ruins_open_tiny,
          column_ruins_columns_straight, column_ruins_grid_3
D:5:      layout_basic, fedhas_altar_fruit_tree, uniq_edmund
D:6:      layout_rooms, minmay_guarded_unrand_staff_of_olgreb, uniq_eustachio,
          uniq_maggie
D:7:      minmay_octagon_keep, layout_cave_pools, temple_fountains,
          serial_gnoll_camp, gnoll_camp_mini_sergeant, gnoll_camp_mini_hut,
          gnoll_camp_mini_hut, gnoll_camp_mini_doghouse
D:8:      layout_cave_pools, dpeg_oklobed_lair, the_bakery, elyvilon_altar_1
D:9:      hangedman_screamer, layout_irregular_city, orc_0_dummy, uniq_grum,
          uniq_pikel
Temple:   compressed_dpeg_circular_temple

Skill      XL: |  1  2  3  4  5  6  7  8  9 10 |
---------------+-------------------------------+-----
Stealth        | 3 4 5 6 7 |  7.2
Spellcasting   | 3 4 5 6 7 8 |  8.7
Ice Magic      | 5 6 7 8 9 |  9.4
Fighting       | 1 2 3 |  3.6
Polearms       | 1 2 4 5 |  5.7
Summonings     | 1 2 |  2.0
Dodging        | 3 |  3.7
Staves         | 3 |  3.1
Charms         | 1 |  1.2
Unarmed Combat | |  0.2
Evocations     | |  0.7

Action                   |  1- 3 |  4- 6 |  7- 9 | 10-12 || total
-------------------------+-------+-------+-------+-------++-------
Melee: Unarmed           |    19 |     2 |       |       ||    21
       Constrict         |     5 |    10 |    15 |    14 ||    44
       Tentacles         |     4 |     4 |    11 |     6 ||    25
       Trident           |       |    36 |    73 |       ||   109
       Punch             |       |     1 |       |       ||     1
       Staff             |       |       |    11 |    73 ||    84
 Cast: Freeze            |    38 |    21 |    30 |    26 ||   115
       Frozen Ramparts   |     2 |    10 |    21 |    20 ||    53
       Summon Ice Beast  |       |       |     3 |     9 ||    12
       Ozocubu's Armour  |       |       |     1 |     4 ||     5
Evoke: Staff of Olgreb   |       |       |     3 |     6 ||     9
  Use: Scroll            |       |       |    10 |     4 ||    14
       Potion            |       |       |     2 |     4 ||     6
 Stab: Sleeping          |     1 |     4 |     5 |     2 ||    12
       Distracted        |       |       |     1 |     2 ||     3
  Eat: Chunk             |     3 |     6 |    11 |     6 ||    26
       Ration            |       |       |       |     1 ||     1
Armor: Skin              |     7 |     2 |    14 |    18 ||    41
Dodge: Dodged            |    40 |    25 |    70 |    72 ||   207
